 Dungeon Crawl Stone Soup version 0.31.0-12-g77e489cdc1 (webtiles) character file.

Game seed: 2790510999099740780

11 Couri the Shooter (level 2, -1/25 HPs)
             Began as a Minotaur Hunter on Feb 21, 2024.
             Slain by an adder (2 damage)
             ... on level 2 of the Dungeon.
             The game lasted 00:01:41 (166 turns).

Couri the Shooter (Minotaur Hunter)                  Turns: 166, Time: 00:01:42

Health: -1/25      AC:  3    Str: 15    XL:     2   Next: 13%
Magic:  1/1        EV:  9    Int:  6    God:
Gold:   15         SH:  0    Dex: 13    Spells: 1/1 levels left

rFire   x . .        a - +0 shortbow
rCold   + . .        (shield currently unavailable)
rNeg    . . .        c - +0 leather armour
rPois   .            (helmet restricted)
rElec   .            (no cloak)
rCorr   .            (no gloves)
SInv    .            (no boots)
Will    .....        (no amulet)
Stlth   +            h - ring of ice
HPRegen 0.24/turn    (no ring)
MPRegen 0.07/turn

%: no passive effects
@: lethally poisoned (-1 -> -2), constricted
A: horns 2, retaliatory headbutt
a: no special abilities


You were on level 2 of the Dungeon.
You visited 1 branch of the dungeon, and saw 2 of its levels.

You collected 15 gold pieces.

Inventory:

Hand Weapons
 a - a +0 shortbow (weapon)
Armour
 c - a +0 leather armour (worn)
 e - a +0 cloak
 g - a +2 cloak
Jewellery
 h - a ring of ice (left hand)
Scrolls
 b - a scroll of butterflies
 d - a scroll of summoning {unknown}
 f - a scroll of immolation {unknown}


   Skills:
 + Level 2.8 Fighting
 * Level 4.6 Ranged Weapons
 - Level 2.3 Dodging
 - Level 1.0 Stealth


You had one spell level left.
You didn't know any spells.
Your spell library was empty.

Dungeon Overview and Level Annotations

Branches:
Dungeon (2/15)

Altars:


Innate Abilities, Weirdness & Mutations

You have a pair of horns on your head.
You reflexively headbutt those who attack you in melee.


Message History

The adder attacks as it pursues you! The adder barely misses you.
You furiously retaliate!
You headbutt the adder. The adder closely misses you.
Fire: a) +0 shortbow
Press: ? - help, Q - select action Shift-Dir - straight line, f/p - adder
Aim: an adder (heavily wounded, 42% to hit)
You shoot an arrow. The arrow barely misses the adder.
The adder misses you. You furiously retaliate!
You headbutt the adder.
Unknown command.
Fire: a) +0 shortbow
Press: ? - help, Q - select action Shift-Dir - straight line, f/p - adder
Aim: an adder (severely wounded, 42% to hit)
You shoot an arrow. The arrow barely misses the adder.
The adder bites you.
You are poisoned.
The adder poisons you! The ball python closely misses you. x2
You feel sick. The adder barely misses you.
Fire: a) +0 shortbow
Press: ? - help, Q - select action Shift-Dir - straight line, f/p - adder
Aim: an adder (severely wounded, 42% to hit)
You shoot an arrow. The arrow barely misses the adder.
You feel sick. The adder bites you but does no damage.
The ball python bites you.
* * * LOW HITPOINT WARNING * * *
The ball python grabs you. The ball python constricts you.
The adder bites you but does no damage. The ball python bites you.
* * * LOW HITPOINT WARNING * * *
The ball python constricts you.
* * * LOW HITPOINT WARNING * * *
Fire: a) +0 shortbow
Press: ? - help, Q - select action Shift-Dir - straight line, f/p - adder
Aim: an adder (severely wounded, 42% to hit)
You shoot an arrow. The arrow hits the adder.
The adder is almost dead.
* * * LOW HITPOINT WARNING * * *
You feel sick. The adder bites you but does no damage.
The ball python closely misses you. You furiously retaliate!
You headbutt the ball python, but do no damage.
The ball python constricts you. The adder bites you.
You die...

######## #......#
#...... ##.... ###..#
###>...#
##S..##.#########
#@S##......†....#
#.....###.##........#
.....####
#........†..# #...
........##P.P# #.#
#.##....## #.## . ..
#....# ... .. #....#
..# #.# #....# ..#
###. #.


You could see an adder and a ball python.

Vanquished Creatures
  5 ball pythons
  An endoplasm (D:1)
  A jackal (D:1)
  A bat (D:1)
  A kobold (D:1)
  A rat (D:1)
10 creatures vanquished.

Notes
Turn   | Place    | Note
-------+----------+-------------------------------------------
     0 | D:1      | Couri the Minotaur Hunter began the quest for the Orb.
     0 | D:1      | Reached XP level 1. HP: 18/18 MP: 0/0
   104 | D:1      | Reached skill level 1 in Stealth
   118 | D:1      | You fall into a shaft and drop 1 floor!
   132 | D:2      | Reached XP level 2. HP: 25/25 MP: 1/1
   166 | D:2      | HP: 1/25 [poisoned by an adder]
   166 | D:2      | Slain by an adder

Illustrated notes

Levels and vault maps discovered:
D:1:      minmay_arrival_cross, layout_loops_ring, kennysheep_decorative_pillar,
          serial_bayou_pond_a, minmay_close_crescents
D:2:      layout_rooms, serial_shops, shop, minmay_misc_feat_square,
          interstate_on_off, grunt_ministairs_15, minmay_shallow_snake_nest

Skill      XL: |  1 |
---------------+----+-----
Stealth        | 1 |  1.0
Fighting       | |  2.8
Ranged Weapons | |  4.6
Dodging        | |  2.3

Action                     || total
---------------------------++-------
   Fire: Shortbow          ||    21
 Armour: Leather armour    ||    18
  Dodge: Dodged            ||    15
